River Frogs vs Influenza
Created - March 25, 2021 at 21:47
Goals
|
| River Frogs |
1 |
1 |
1 |
3 |
| Influenza |
1 |
4 |
1 |
6 |
|
Shots
|
| River Frogs |
11 |
19 |
6 |
36 |
| Influenza |
11 |
11 |
10 |
32 |
|
1st period
1. Influenza , Justin Bailey 9 (JT Compher 29, Pavel Zacha 21) at 7:21
2. River Frogs , Aaron Ness 6 (Beau Starrett 1) at 12:21
Penalties :
Jared Knight (Lou) for Hooking (Minor) at 17:46
2nd period
3. Influenza , Bo Horvat 31 (Linden Vey 27) at 0:13
4. River Frogs , Mitch Marner 11 (Dominik Simon 27, Shea Theodore 47) at 3:34
5. Influenza , Tim Erixon 8 (Neal Pionk 33) at 10:19 (PP)
6. Influenza , JT Compher 27 (Pavel Zacha 22, Justin Bailey 17) at 13:54
7. Influenza , Bo Horvat 32 (Tim Schaller 32, Neal Pionk 34) at 15:06 (PP)
Penalties :
Emerson Etem (Lou) for Roughing (Minor) at 10:03, Justin Florek (Lou) for Charging (Minor) at 14:50, Pavel Zacha (VJB) for High sticking (Double Minor) at 18:39
3rd period
8. River Frogs , David Kolomatis 2 (Austin Watson 10, Bobby Farnham 14) at 6:07
9. Influenza , Tim Schaller 32 (Bo Horvat 49) at 13:13
Penalties :
Aaron Ness (Lou) for Hooking (Minor) at 7:04, Pavel Zacha (VJB) for Hooking (Minor) at 19:22
Goalie Stats
Thomas Greiss (Lou), 13 saves from 17 shots - (0.765), L, 21-18-1, 33:54 minutes
Eric Comrie (Lou), 13 saves from 15 shots - (0.867), 26:06 minutes
Malcolm Subban (VJB), 33 saves from 36 shots - (0.917), W, 9-19-1, 60:00 minutes
Players Stats for River Frogs
Player Name G A P +/- PIM S H SB GA TA FO MP PP MP PK MP
------------------------------------------------------------------------------------
Aaron Ness 1 0 1 -1 2 3 1 1 0 1 0/0 18:53 1:07 0:41
Andrew Gordon 0 0 0 -1 0 0 1 1 0 0 0/0 17:18 1:35 1:11
Austin Watson 0 1 1 1 0 0 1 0 0 0 0/1 8:40 0:48 0:31
Beau Starrett 0 1 1 1 0 0 0 0 0 0 3/4 7:07 0:00 0:00
Bobby Farnham 0 1 1 1 0 0 0 0 0 0 0/0 7:07 0:00 0:00
David Kolomatis 1 0 1 -1 0 3 1 0 1 0 0/0 12:13 0:00 0:00
Dillon Heatherington 0 0 0 -1 0 0 0 0 1 1 0/0 13:17 0:00 0:33
Dominik Simon 0 1 1 -1 0 6 1 0 0 0 13/31 20:29 2:00 0:40
Emerson Etem 0 0 0 -1 2 5 2 0 1 0 3/7 22:31 2:19 2:39
Jared Knight 0 0 0 -1 2 1 3 0 0 0 3/9 15:10 0:25 0:00
Justin Florek 0 0 0 0 2 1 2 0 0 0 1/3 13:36 2:11 0:00
Matt Calvert 0 0 0 -1 0 3 0 0 1 0 1/1 17:13 1:29 1:11
Mitch Marner 1 0 1 -1 0 3 0 0 0 0 2/2 18:35 1:01 0:00
Morgan Rielly 0 0 0 -1 0 2 0 1 1 0 0/0 21:31 1:07 1:14
Ondrej Kase 0 0 0 0 0 1 1 2 1 0 0/0 16:15 2:00 2:48
Roman Josi 0 0 0 1 0 3 1 3 0 1 0/0 27:41 3:29 3:16
Ryan Fitzgerald 0 0 0 0 0 0 0 0 0 0 2/5 11:26 0:00 0:00
Shea Theodore 0 1 1 1 0 5 0 4 0 1 0/0 26:24 3:29 3:16
Players Stats for Influenza
Player Name G A P +/- PIM S H SB GA TA FO MP PP MP PK MP
------------------------------------------------------------------------------------
Aleksi Saarela 0 0 0 0 0 0 1 0 0 0 1/4 7:55 0:00 0:00
Bo Horvat 2 1 3 0 0 5 2 0 0 0 24/39 22:26 2:47 2:31
Brett Pesce 0 0 0 -1 0 0 2 3 0 1 0/0 14:00 0:00 0:09
Christian Fischer 0 0 0 0 0 0 0 0 0 0 0/0 7:55 0:00 0:00
Colton Sissons 0 0 0 -1 0 2 1 1 0 0 4/8 12:14 1:43 0:16
Haydn Fleury 0 0 0 -1 0 1 1 0 0 0 0/0 17:32 1:45 1:22
Jeff Corbett 0 0 0 -1 0 0 0 2 0 0 0/0 14:00 0:00 0:09
JT Compher 1 1 2 2 0 2 1 2 0 0 0/0 18:17 1:43 0:44
Justin Bailey 1 1 2 2 0 3 2 0 0 0 0/0 17:33 1:43 0:00
Linden Vey 0 1 1 0 0 3 2 1 1 0 1/1 20:35 2:47 0:44
Lucas Lessio 0 0 0 0 0 2 1 1 1 0 0/0 7:55 0:00 0:00
Neal Pionk 0 2 2 2 0 4 2 1 0 3 0/0 23:40 2:45 1:22
Pavel Zacha 0 2 2 2 6 0 3 0 0 0 3/7 15:38 0:00 0:00
Ryan Dzingel 0 0 0 -1 0 2 2 0 0 0 0/1 11:22 0:00 1:21
Shane Sims 0 0 0 0 0 0 2 1 1 0 0/0 22:20 1:45 3:05
Tim Erixon 1 0 1 3 0 2 2 2 0 2 0/0 28:28 2:45 3:05
Tim Schaller 1 1 2 0 0 6 1 0 1 0 2/3 22:26 2:47 2:31
Tom Kuhnhackl 0 0 0 -1 0 0 1 0 0 0 0/0 11:06 0:00 1:05
3 Stars
1 - Bo Horvat (VJB)
2 - Justin Bailey (VJB)
3 - JT Compher (VJB)
Power Play
River Frogs - 0 on 3 Attempt(s) - 0.00%
Influenza - 2 on 4 Attempt(s) - 50.00%
Penalty Kill
River Frogs - 2 on 4 Attempt(s) - 50.00%
- Score 0 goal in Penalty Kill
Influenza - 3 on 3 Attempt(s) - 100.00%
- Score 0 goal in Penalty Kill
Team Stat
River Frogs - Hits : 14 - Faceoff Wins : 28 - Blocked Shots : 12 - Penalty Minutes : 8
Influenza - Hits : 26 - Faceoff Wins : 35 - Blocked Shots : 14 - Penalty Minutes : 6
Official
Referees : Unknown
Linesman : Unknown
Game Notes
Eric Comrie enters game at 13:54 of 2nd period
Finance
Level 1 -- Attendance: 1487 (74.35%) -- Ticket Income $59,480
Level 2 -- Attendance: 686 (68.60%) -- Ticket Income $13,720
Total Attendance: 2173 (72.43%)
Total Ticket Income: $73,200
Other Income: $3,660
Total Income: $76,860
River Frogs
5 vs 5 Forward
Center Left Wing Right Wing Time % Phy DF OF
1 Dominik Simon Emerson Etem Mitch Marner 40 1 2 2
2 Jared Knight Matt Calvert Andrew Gordon 30 1 2 2
3 Ryan Fitzgerald Justin Florek Ondrej Kase 20 1 2 2
4 Beau Starrett Austin Watson Bobby Farnham 10 1 2 2
5 vs 5 Defense
Defense Defense Time % Phy DF OF
1 Roman Josi Shea Theodore 40 1 2 2
2 Morgan Rielly Aaron Ness 30 1 2 2
3 David Kolomatis Dillon Heatherington 20 1 2 2
4 Morgan Rielly Roman Josi 10 1 2 2
PowerPlay Forward
Center Left Wing Right Wing Time % Phy DF OF
1 Justin Florek Emerson Etem Andrew Gordon 60 1 2 2
2 Dominik Simon Matt Calvert Ondrej Kase 40 1 2 2
PowerPlay Defense
Defense Defense Time % Phy DF OF
1 Roman Josi Shea Theodore 60 1 2 2
2 Morgan Rielly Aaron Ness 40 1 2 2
Penalty Kill 4 Players Forward
Center Wing Time % Phy DF OF
1 Emerson Etem Ondrej Kase 60 1 2 2
2 Andrew Gordon Matt Calvert 40 1 2 2
Penalty Kill 4 Players Defense
Defense Defense Time % Phy DF OF
1 Roman Josi Shea Theodore 60 1 2 2
2 Morgan Rielly Aaron Ness 40 1 2 2
Penalty Kill - 3 Players Forward
Forward Time % Phy DF OF
1 Emerson Etem 60 1 2 2
2 Andrew Gordon 40 1 2 2
Penalty Kill - 3 Players Defense
Defense Defense Time % Phy DF OF
1 Roman Josi Shea Theodore 60 1 2 2
2 Morgan Rielly Aaron Ness 40 1 2 2
4 vs 4 Forward
Center Wing Time % Phy DF OF
1 Emerson Etem Dominik Simon 60 1 2 2
2 Andrew Gordon Matt Calvert 40 1 2 2
4 vs 4 Defense
Defense Defense Time % Phy DF OF
1 Roman Josi Shea Theodore 60 1 2 2
2 Morgan Rielly Aaron Ness 40 1 2 2
Last Minutes Offensive
Center Left Wing Right Wing Defense Defense
Matt Calvert Emerson Etem Andrew Gordon Roman Josi Shea Theodore
Last Minutes Defensive
Center Left Wing Right Wing Defense Defense
Matt Calvert Emerson Etem Andrew Gordon Roman Josi Shea Theodore
Goaltenders
Starting : Thomas Greiss
Backup : Eric Comrie
Extra Forwards
Normal : Emerson Etem, Matt Calvert, Andrew Gordon - PP : Emerson Etem, Matt Calvert - PK : Emerson Etem
Extra Defensemen
Normal : David Kolomatis, Dillon Heatherington, Roman Josi - PP : David Kolomatis - PK : Dillon Heatherington, Roman Josi
Penalty Shots
Emerson Etem, Dominik Simon, Andrew Gordon, Matt Calvert, Justin Florek
Scratches
Joakim Nordstrom (Healthy), Matt Grzelcyk (Healthy), Cameron Hughes (Healthy), Maxim Mamin (Healthy), Francis Perron (Healthy)
Richard Nejezchleb (Healthy), Phoenix Copley (Healthy)
Influenza
5 vs 5 Forward
Center Left Wing Right Wing Time % Phy DF OF
1 Bo Horvat Tim Schaller Linden Vey 40 1 2 2
2 Pavel Zacha JT Compher Justin Bailey 30 1 2 2
3 Colton Sissons Ryan Dzingel Tom Kuhnhackl 20 1 2 2
4 Aleksi Saarela Lucas Lessio Christian Fischer 10 1 2 2
5 vs 5 Defense
Defense Defense Time % Phy DF OF
1 Tim Erixon Neal Pionk 40 1 2 2
2 Haydn Fleury Shane Sims 30 1 2 2
3 Brett Pesce Jeff Corbett 20 1 2 2
4 Tim Erixon Shane Sims 10 1 2 2
PowerPlay Forward
Center Left Wing Right Wing Time % Phy DF OF
1 Bo Horvat Tim Schaller Linden Vey 60 1 2 2
2 Colton Sissons JT Compher Justin Bailey 40 1 2 2
PowerPlay Defense
Defense Defense Time % Phy DF OF
1 Tim Erixon Neal Pionk 60 1 2 2
2 Haydn Fleury Shane Sims 40 1 2 2
Penalty Kill 4 Players Forward
Center Wing Time % Phy DF OF
1 Bo Horvat Tim Schaller 60 1 2 2
2 Linden Vey JT Compher 40 1 2 2
Penalty Kill 4 Players Defense
Defense Defense Time % Phy DF OF
1 Tim Erixon Shane Sims 60 1 2 2
2 Haydn Fleury Neal Pionk 40 1 2 2
Penalty Kill - 3 Players Forward
Forward Time % Phy DF OF
1 Bo Horvat 60 1 2 2
2 Tim Schaller 40 1 2 2
Penalty Kill - 3 Players Defense
Defense Defense Time % Phy DF OF
1 Tim Erixon Shane Sims 60 1 2 2
2 Haydn Fleury Neal Pionk 40 1 2 2
4 vs 4 Forward
Center Wing Time % Phy DF OF
1 Bo Horvat Tim Schaller 60 1 2 2
2 Linden Vey JT Compher 40 1 2 2
4 vs 4 Defense
Defense Defense Time % Phy DF OF
1 Tim Erixon Shane Sims 60 1 2 2
2 Haydn Fleury Neal Pionk 40 1 2 2
Last Minutes Offensive
Center Left Wing Right Wing Defense Defense
Bo Horvat Tim Schaller Linden Vey Tim Erixon Neal Pionk
Last Minutes Defensive
Center Left Wing Right Wing Defense Defense
Bo Horvat Tim Schaller Linden Vey Tim Erixon Haydn Fleury
Goaltenders
Starting : Malcolm Subban
Backup : Al Montoya
Extra Forwards
Normal : Ryan Dzingel, Lucas Lessio, Tom Kuhnhackl - PP : Ryan Dzingel, Lucas Lessio - PK : Tom Kuhnhackl
Extra Defensemen
Normal : Brett Pesce, Jeff Corbett, Haydn Fleury - PP : Brett Pesce - PK : Jeff Corbett, Haydn Fleury
Penalty Shots
Bo Horvat, Tim Schaller, Linden Vey, JT Compher, Ryan Dzingel
Scratches
Shane Prince (Healthy), Dennis Gilbert (Healthy), Henri Ikonen (Healthy), Johan Larsson (Healthy), Jakob Forsbacka-Karlsson (Healthy)
Zack MacEwen (Healthy), Radovan Bondra (Healthy), Simon Bourque (Healthy), Mitchell Moroz (Healthy), Dmitry Sinitsyn (Healthy)
Conner Bleackley (Healthy), Brycen Martin (Healthy), Jaden Lindo (Healthy), Charlie Lindgren (Healthy), Jamie Phillips (Healthy)
% Time on Ice - River Frogs
Lines # - Real PCT - Wanted PCT - Time Play
Normal Forward
1 - 35% - 40% - 17:48
2 - 29% - 30% - 14:33
3 - 22% - 20% - 11:26
4 - 14% - 10% - 7:07
Normal Defense
1 - 39% - 40% - 19:39
2 - 33% - 30% - 16:43
3 - 23% - 20% - 11:55
4 - 5% - 10% - 2:37
PP Forward
1 - 57% - 60% - 2:36
2 - 43% - 40% - 2:00
PP Defense
1 - 76% - 60% - 3:29
2 - 24% - 40% - 1:07
PK Forward
1 - 74% - 60% - 3:19
2 - 26% - 40% - 1:11
PK Defense
1 - 73% - 60% - 3:16
2 - 27% - 40% - 1:14
PK3 Forward
1 - 0% - 60%
2 - 0% - 40%
PK3 Defense
1 - 0% - 60%
2 - 0% - 40%
44 Forward
1 - 0% - 60%
2 - 0% - 40%
44 Defense
1 - 0% - 60%
2 - 0% - 40%
Last Minute Offensive - 0:00
Last Minute Defensive - 0:00
Total
Forward - 60:00
Defense - 60:00
|
% Time on Ice - Influenza
Lines # - Real PCT - Wanted PCT - Time Play
Normal Forward
1 - 34% - 40% - 17:08
2 - 31% - 30% - 15:50
3 - 20% - 20% - 10:01
4 - 16% - 10% - 7:55
Normal Defense
1 - 38% - 40% - 19:33
2 - 28% - 30% - 14:29
3 - 27% - 20% - 13:47
4 - 6% - 10% - 3:05
PP Forward
1 - 62% - 60% - 2:47
2 - 38% - 40% - 1:43
PP Defense
1 - 61% - 60% - 2:45
2 - 39% - 40% - 1:45
PK Forward
1 - 84% - 60% - 3:52
2 - 16% - 40% - 0:44
PK Defense
1 - 67% - 60% - 3:05
2 - 33% - 40% - 1:31
PK3 Forward
1 - 0% - 60%
2 - 0% - 40%
PK3 Defense
1 - 0% - 60%
2 - 0% - 40%
44 Forward
1 - 0% - 60%
2 - 0% - 40%
44 Defense
1 - 0% - 60%
2 - 0% - 40%
Last Minute Offensive - 0:00
Last Minute Defensive - 0:00
Total
Forward - 60:00
Defense - 60:00
|
Play-by-Play
1st period
0:01 of 1st period - Mitch Marner wins face-off versus Bo Horvat in neutral zone.
0:06 of 1st period - Neal Pionk is hit by Roman Josi and loses puck.
0:31 of 1st period - Slapshot by Pavel Zacha.
0:31 of 1st period - Shot Blocked by Roman Josi.
0:33 of 1st period - Slapshot by Tim Erixon.
0:33 of 1st period - Shot Misses the Net.
0:35 of 1st period - Slapshot by Tim Erixon.
0:35 of 1st period - Shot Misses the Net.
0:56 of 1st period - Off-side.
0:57 of 1st period - Beau Starrett wins face-off versus Aleksi Saarela in neutral zone.
1:50 of 1st period - Slapshot by Shane Sims.
1:50 of 1st period - Shot Blocked by Aaron Ness.
2:32 of 1st period - Backhand shot by Linden Vey.
2:32 of 1st period - Shot Misses the Net.
2:44 of 1st period - Morgan Rielly is hit by Lucas Lessio and loses puck.
3:30 of 1st period - Snap shot by JT Compher.
3:30 of 1st period - Shot Blocked by Shea Theodore.
3:32 of 1st period - Snap shot by Pavel Zacha.
3:32 of 1st period - Shot Misses the Net.
3:34 of 1st period - Backhand shot by Haydn Fleury.
3:34 of 1st period - Deflect By Roman Josi.
3:34 of 1st period - Stopped by Thomas Greiss without a rebound.
3:35 of 1st period - Dominik Simon wins face-off versus Bo Horvat in River Frogs zone.
6:08 of 1st period - Shea Theodore is hit by Bo Horvat and loses puck.
6:15 of 1st period - Slapshot by Bo Horvat.
6:15 of 1st period - Stopped by Thomas Greiss without a rebound.
6:16 of 1st period - Emerson Etem wins face-off versus Bo Horvat in River Frogs zone.
6:23 of 1st period - Wrist shot by Bo Horvat.
6:23 of 1st period - Stopped by Thomas Greiss with a rebound.
6:41 of 1st period - JT Compher is hit by Andrew Gordon and loses puck.
7:21 of 1st period - Snap shot by Justin Bailey.
7:21 of 1st period - Goal by Justin Bailey - River Frogs : 0 - Influenza : 1.
7:22 of 1st period - Dominik Simon wins face-off versus Bo Horvat in neutral zone.
7:25 of 1st period - Snap shot by Mitch Marner.
7:25 of 1st period - Shot Misses the Net.
7:58 of 1st period - Snap shot by Matt Calvert.
7:58 of 1st period - Shot Misses the Net.
8:18 of 1st period - Roman Josi is hit by JT Compher and loses puck.
9:38 of 1st period - Ondrej Kase is hit by Pavel Zacha and loses puck.
9:45 of 1st period - Tim Erixon is hit by Justin Florek and loses puck.
9:56 of 1st period - Neal Pionk is hit by David Kolomatis and loses puck.
10:03 of 1st period - Wrist shot by Dominik Simon.
10:03 of 1st period - Shot Misses the Net.
10:05 of 1st period - Slapshot by Emerson Etem.
10:05 of 1st period - Stopped by Malcolm Subban with a rebound.
10:20 of 1st period - Off-side.
10:21 of 1st period - Dominik Simon wins face-off versus Aleksi Saarela in neutral zone.
10:24 of 1st period - Snap shot by Dominik Simon.
10:24 of 1st period - Shot Misses the Net.
10:30 of 1st period - Wrist shot by Emerson Etem.
10:30 of 1st period - Stopped by Malcolm Subban with a rebound.
10:32 of 1st period - Slapshot by Shea Theodore.
10:32 of 1st period - Shot Blocked by Shane Sims.
11:13 of 1st period - Shea Theodore is hit by Brett Pesce and loses puck.
11:22 of 1st period - Wrist shot by Dillon Heatherington.
11:22 of 1st period - Shot Blocked by Colton Sissons.
11:24 of 1st period - Snap shot by Andrew Gordon.
11:24 of 1st period - Shot Misses the Net.
11:26 of 1st period - Wrist shot by Shea Theodore.
11:26 of 1st period - Stopped by Malcolm Subban with a rebound.
11:28 of 1st period - Slapshot by Andrew Gordon.
11:28 of 1st period - Shot Blocked by Brett Pesce.
11:30 of 1st period - Snap shot by Dillon Heatherington.
11:30 of 1st period - Shot Blocked by Brett Pesce.
11:34 of 1st period - Snap shot by Matt Calvert.
11:34 of 1st period - Stopped by Malcolm Subban without a rebound.
11:35 of 1st period - Linden Vey wins face-off versus Dominik Simon in Influenza zone.
12:11 of 1st period - Slapshot by Tim Erixon.
12:11 of 1st period - Shot Misses the Net.
12:13 of 1st period - Slapshot by Tim Erixon.
12:13 of 1st period - Deflect By Roman Josi.
12:13 of 1st period - Stopped by Thomas Greiss without a rebound.
12:14 of 1st period - Beau Starrett wins face-off versus Colton Sissons in River Frogs zone.
12:21 of 1st period - Slapshot by Aaron Ness.
12:21 of 1st period - Goal by Aaron Ness - River Frogs : 1 - Influenza : 1.
12:22 of 1st period - Tim Schaller wins face-off versus Dominik Simon in neutral zone.
12:31 of 1st period - Wrist shot by Tim Schaller.
12:31 of 1st period - Stopped by Thomas Greiss without a rebound.
12:32 of 1st period - Bo Horvat wins face-off versus Dominik Simon in River Frogs zone.
12:37 of 1st period - Snap shot by Linden Vey.
12:37 of 1st period - Stopped by Thomas Greiss without a rebound.
12:38 of 1st period - Bo Horvat wins face-off versus Dominik Simon in River Frogs zone.
12:53 of 1st period - Slapshot by Linden Vey.
12:53 of 1st period - Shot Blocked by Roman Josi.
13:10 of 1st period - JT Compher is hit by Jared Knight and loses puck.
13:28 of 1st period - Icing by Shane Sims.
13:29 of 1st period - Dominik Simon wins face-off versus Ryan Dzingel in Influenza zone.
13:48 of 1st period - Shane Sims is hit by Emerson Etem and loses puck.
14:27 of 1st period - Wrist shot by Ondrej Kase.
14:27 of 1st period - Shot Blocked by JT Compher.
14:35 of 1st period - Wrist shot by Justin Bailey.
14:35 of 1st period - Stopped by Thomas Greiss without a rebound.
14:36 of 1st period - Dominik Simon wins face-off versus Bo Horvat in River Frogs zone.
15:20 of 1st period - Slapshot by Roman Josi.
15:20 of 1st period - Deflect By Brett Pesce.
15:20 of 1st period - Stopped by Malcolm Subban with a rebound.
16:09 of 1st period - Slapshot by Mitch Marner.
16:09 of 1st period - Stopped by Malcolm Subban with a rebound.
16:23 of 1st period - Snap shot by Tim Schaller.
16:23 of 1st period - Stopped by Thomas Greiss with a rebound.
16:29 of 1st period - Wrist shot by Matt Calvert.
16:29 of 1st period - Stopped by Malcolm Subban with a rebound.
16:51 of 1st period - Wrist shot by Lucas Lessio.
16:51 of 1st period - Stopped by Thomas Greiss with a rebound.
16:53 of 1st period - Slapshot by Tim Erixon.
16:53 of 1st period - Shot Blocked by Ondrej Kase.
17:00 of 1st period - Icing by Dillon Heatherington.
17:01 of 1st period - Colton Sissons wins face-off versus Ryan Fitzgerald in River Frogs zone.
17:25 of 1st period - Wrist shot by Justin Florek.
17:25 of 1st period - Stopped by Malcolm Subban with a rebound.
17:27 of 1st period - Snap shot by David Kolomatis.
17:27 of 1st period - Deflect By Bo Horvat.
17:27 of 1st period - Stopped by Malcolm Subban without a rebound.
17:28 of 1st period - Dominik Simon wins face-off versus Pavel Zacha in Influenza zone.
17:33 of 1st period - Snap shot by Emerson Etem.
17:33 of 1st period - Shot Misses the Net.
17:35 of 1st period - Slapshot by Dominik Simon.
17:35 of 1st period - Stopped by Malcolm Subban with a rebound.
17:43 of 1st period - Slapshot by Neal Pionk.
17:43 of 1st period - Stopped by Thomas Greiss without a rebound.
17:44 of 1st period - Jared Knight wins face-off versus Tim Schaller in River Frogs zone.
17:46 of 1st period - Minor Penalty to Jared Knight for Hooking.
17:47 of 1st period - Bo Horvat wins face-off versus Emerson Etem in River Frogs zone.
18:16 of 1st period - Icing by Justin Bailey.
18:17 of 1st period - Emerson Etem wins face-off versus Colton Sissons in Influenza zone.
19:46 of 1st period - Penalty to Jared Knight is over, Jared Knight is back on ice.
Goals for this period are 1 for River Frogs vs 1 for Influenza.
Shots for this period are 11 for River Frogs vs 11 for Influenza.
2nd period
0:01 of 2nd period - Bo Horvat wins face-off versus Dominik Simon in neutral zone.
0:13 of 2nd period - Snap shot by Bo Horvat.
0:13 of 2nd period - Goal by Bo Horvat - River Frogs : 1 - Influenza : 2.
0:14 of 2nd period - Bo Horvat wins face-off versus Dominik Simon in neutral zone.
0:22 of 2nd period - Slapshot by Emerson Etem.
0:22 of 2nd period - Shot Misses the Net.
0:40 of 2nd period - Andrew Gordon is hit by Justin Bailey.
0:50 of 2nd period - Snap shot by Matt Calvert.
0:50 of 2nd period - Stopped by Malcolm Subban with a rebound.
1:00 of 2nd period - Morgan Rielly is hit by Ryan Dzingel and loses puck.
1:07 of 2nd period - Colton Sissons is hit by Ondrej Kase and loses puck.
1:17 of 2nd period - Icing by Tim Erixon.
1:18 of 2nd period - Beau Starrett wins face-off versus Aleksi Saarela in Influenza zone.
1:19 of 2nd period - Snap shot by Austin Watson.
1:19 of 2nd period - Shot Blocked by Lucas Lessio.
1:21 of 2nd period - Slapshot by David Kolomatis.
1:21 of 2nd period - Shot Blocked by Neal Pionk.
1:43 of 2nd period - Dillon Heatherington is hit by Shane Sims and loses puck.
1:59 of 2nd period - Icing by David Kolomatis.
2:00 of 2nd period - Jared Knight wins face-off versus Pavel Zacha in River Frogs zone.
2:15 of 2nd period - Pavel Zacha is hit by Jared Knight and loses puck.
2:26 of 2nd period - Shea Theodore is hit by Bo Horvat and loses puck.
2:47 of 2nd period - Austin Watson is hit by Haydn Fleury and loses puck.
3:00 of 2nd period - Haydn Fleury is hit by Austin Watson and loses puck.
3:09 of 2nd period - Wrist shot by Colton Sissons.
3:09 of 2nd period - Stopped by Thomas Greiss with a rebound.
3:11 of 2nd period - Snap shot by Shane Sims.
3:11 of 2nd period - Shot Blocked by Morgan Rielly.
3:13 of 2nd period - Slapshot by Haydn Fleury.
3:13 of 2nd period - Deflect By Ryan Dzingel.
3:13 of 2nd period - Shot Blocked by Ondrej Kase.
3:13 of 2nd period - Puck is out of play.
3:14 of 2nd period - Bo Horvat wins face-off versus Ryan Fitzgerald in River Frogs zone.
3:25 of 2nd period - Snap shot by Linden Vey.
3:25 of 2nd period - Deflect By Bo Horvat.
3:25 of 2nd period - Shot Misses the Net.
3:25 of 2nd period - Puck is out of play.
3:26 of 2nd period - Dominik Simon wins face-off versus Bo Horvat in River Frogs zone.
3:26 of 2nd period - Dominik Simon is hit by Neal Pionk.
3:32 of 2nd period - Snap shot by Mitch Marner.
3:32 of 2nd period - Shot Misses the Net.
3:34 of 2nd period - Snap shot by Mitch Marner.
3:34 of 2nd period - Goal by Mitch Marner - River Frogs : 2 - Influenza : 2.
3:35 of 2nd period - Bo Horvat wins face-off versus Dominik Simon in neutral zone.
4:25 of 2nd period - Off-side.
4:26 of 2nd period - Colton Sissons wins face-off versus Ryan Fitzgerald in neutral zone.
5:00 of 2nd period - Slapshot by Ryan Fitzgerald.
5:00 of 2nd period - Shot Blocked by JT Compher.
5:16 of 2nd period - Wrist shot by Lucas Lessio.
5:16 of 2nd period - Shot Misses the Net.
5:32 of 2nd period - Wrist shot by Ondrej Kase.
5:32 of 2nd period - Shot Blocked by Jeff Corbett.
5:50 of 2nd period - Wrist shot by Aleksi Saarela.
5:50 of 2nd period - Shot Hit the Post.
6:20 of 2nd period - Snap shot by Justin Florek.
6:20 of 2nd period - Shot Misses the Net.
6:22 of 2nd period - Slapshot by David Kolomatis.
6:22 of 2nd period - Stopped by Malcolm Subban without a rebound.
6:23 of 2nd period - Bo Horvat wins face-off versus Emerson Etem in Influenza zone.
6:23 of 2nd period - Bo Horvat is hit by Emerson Etem.
6:31 of 2nd period - Slapshot by Tim Erixon.
6:31 of 2nd period - Shot Misses the Net.
6:49 of 2nd period - Jared Knight is hit by Pavel Zacha and loses puck.
7:12 of 2nd period - Slapshot by Tom Kuhnhackl.
7:12 of 2nd period - Shot Misses the Net.
7:38 of 2nd period - Snap shot by Emerson Etem.
7:38 of 2nd period - Shot Misses the Net.
7:45 of 2nd period - Icing by Shane Sims.
7:46 of 2nd period - Bo Horvat wins face-off versus Jared Knight in Influenza zone.
8:01 of 2nd period - JT Compher is hit by Jared Knight and loses puck.
8:33 of 2nd period - Icing by Dominik Simon.
8:34 of 2nd period - Colton Sissons wins face-off versus Austin Watson in River Frogs zone.
8:49 of 2nd period - Slapshot by Aaron Ness.
8:49 of 2nd period - Stopped by Malcolm Subban without a rebound.
8:50 of 2nd period - Bo Horvat wins face-off versus Dominik Simon in Influenza zone.
9:15 of 2nd period - Slapshot by Ondrej Kase.
9:15 of 2nd period - Stopped by Malcolm Subban without a rebound.
9:16 of 2nd period - Ryan Fitzgerald wins face-off versus Pavel Zacha in Influenza zone.
9:57 of 2nd period - Wrist shot by Tom Kuhnhackl.
9:57 of 2nd period - Shot Blocked by Shea Theodore.
10:03 of 2nd period - Minor Penalty to Emerson Etem for Roughing.
10:04 of 2nd period - Bo Horvat wins face-off versus Dominik Simon in River Frogs zone.
10:19 of 2nd period - Snap shot by Tim Erixon.
10:19 of 2nd period - Goal by Tim Erixon - River Frogs : 2 - Influenza : 3.
10:20 of 2nd period - Bo Horvat wins face-off versus Dominik Simon in neutral zone.
10:23 of 2nd period - Slapshot by Neal Pionk.
10:23 of 2nd period - Stopped by Thomas Greiss without a rebound.
10:24 of 2nd period - Bo Horvat wins face-off versus Dominik Simon in River Frogs zone.
10:33 of 2nd period - Wrist shot by Dominik Simon.
10:33 of 2nd period - Stopped by Malcolm Subban with a rebound.
10:35 of 2nd period - Snap shot by Emerson Etem.
10:35 of 2nd period - Stopped by Malcolm Subban with a rebound.
10:37 of 2nd period - Snap shot by Mitch Marner.
10:37 of 2nd period - Shot Misses the Net.
10:39 of 2nd period - Snap shot by Mitch Marner.
10:39 of 2nd period - Shot Misses the Net.
11:20 of 2nd period - Backhand shot by Shea Theodore.
11:20 of 2nd period - Stopped by Malcolm Subban with a rebound.
12:37 of 2nd period - Slapshot by Andrew Gordon.
12:37 of 2nd period - Deflect By Jared Knight.
12:37 of 2nd period - Stopped by Malcolm Subban without a rebound.
12:38 of 2nd period - Pavel Zacha wins face-off versus Dominik Simon in Influenza zone.
13:01 of 2nd period - Morgan Rielly is hit by Brett Pesce and loses puck.
13:12 of 2nd period - Snap shot by Mitch Marner.
13:12 of 2nd period - Stopped by Malcolm Subban with a rebound.
13:31 of 2nd period - Dillon Heatherington is hit by Shane Sims and loses puck.
13:50 of 2nd period - Snap shot by Justin Bailey.
13:50 of 2nd period - Stopped by Thomas Greiss with a rebound.
13:52 of 2nd period - Slapshot by Pavel Zacha.
13:52 of 2nd period - Shot Misses the Net.
13:54 of 2nd period - Snap shot by JT Compher.
13:54 of 2nd period - Goal by JT Compher - River Frogs : 2 - Influenza : 4.
13:54 of 2nd period - Eric Comrie enters game.
13:55 of 2nd period - Jared Knight wins face-off versus Bo Horvat in neutral zone.
13:58 of 2nd period - Snap shot by Matt Calvert.
13:58 of 2nd period - Shot Blocked by Brett Pesce.
14:04 of 2nd period - Slapshot by Tim Schaller.
14:04 of 2nd period - Deflect By Roman Josi.
14:04 of 2nd period - Shot Misses the Net.
14:04 of 2nd period - Puck is out of play.
14:05 of 2nd period - Matt Calvert wins face-off versus Bo Horvat in River Frogs zone.
14:16 of 2nd period - Snap shot by Roman Josi.
14:16 of 2nd period - Deflect By Brett Pesce.
14:16 of 2nd period - Stopped by Malcolm Subban with a rebound.
14:32 of 2nd period - Snap shot by Linden Vey.
14:32 of 2nd period - Stopped by Eric Comrie without a rebound.
14:33 of 2nd period - Ryan Fitzgerald wins face-off versus Colton Sissons in River Frogs zone.
14:48 of 2nd period - Wrist shot by Ryan Dzingel.
14:48 of 2nd period - Deflect By Colton Sissons.
14:48 of 2nd period - Stopped by Eric Comrie with a rebound.
14:50 of 2nd period - Minor Penalty to Justin Florek for Charging.
14:51 of 2nd period - Bo Horvat wins face-off versus Emerson Etem in River Frogs zone.
15:06 of 2nd period - Slapshot by Bo Horvat.
15:06 of 2nd period - Goal by Bo Horvat - River Frogs : 2 - Influenza : 5.
15:07 of 2nd period - Bo Horvat wins face-off versus Dominik Simon in neutral zone.
15:10 of 2nd period - Slapshot by Neal Pionk.
15:10 of 2nd period - Stopped by Eric Comrie with a rebound.
15:20 of 2nd period - Snap shot by Tim Schaller.
15:20 of 2nd period - Shot Blocked by Shea Theodore.
15:32 of 2nd period - Matt Calvert is hit by Pavel Zacha and loses puck.
15:39 of 2nd period - Slapshot by Morgan Rielly.
15:39 of 2nd period - Stopped by Malcolm Subban with a rebound.
15:41 of 2nd period - Slapshot by Aaron Ness.
15:41 of 2nd period - Stopped by Malcolm Subban without a rebound.
15:42 of 2nd period - Bo Horvat wins face-off versus Dominik Simon in Influenza zone.
15:51 of 2nd period - Wrist shot by Dominik Simon.
15:51 of 2nd period - Deflect By Emerson Etem.
15:51 of 2nd period - Stopped by Malcolm Subban with a rebound.
15:53 of 2nd period - Slapshot by Aaron Ness.
15:53 of 2nd period - Shot Misses the Net.
15:55 of 2nd period - Slapshot by Morgan Rielly.
15:55 of 2nd period - Deflect By Dominik Simon.
15:55 of 2nd period - Stopped by Malcolm Subban with a rebound.
15:57 of 2nd period - Slapshot by Morgan Rielly.
15:57 of 2nd period - Stopped by Malcolm Subban with a rebound.
16:30 of 2nd period - Slapshot by Shea Theodore.
16:30 of 2nd period - Stopped by Malcolm Subban without a rebound.
16:31 of 2nd period - Colton Sissons wins face-off versus Dominik Simon in Influenza zone.
16:40 of 2nd period - Wrist shot by Ryan Dzingel.
16:40 of 2nd period - Stopped by Eric Comrie without a rebound.
16:41 of 2nd period - Bo Horvat wins face-off versus Dominik Simon in River Frogs zone.
17:12 of 2nd period - Slapshot by Shea Theodore.
17:12 of 2nd period - Stopped by Malcolm Subban with a rebound.
17:14 of 2nd period - Slapshot by Roman Josi.
17:14 of 2nd period - Stopped by Malcolm Subban without a rebound.
17:15 of 2nd period - Pavel Zacha wins face-off versus Jared Knight in Influenza zone.
18:39 of 2nd period - Double Minor Penalty to Pavel Zacha for High sticking.
18:40 of 2nd period - Bo Horvat wins face-off versus Justin Florek in Influenza zone.
18:52 of 2nd period - Justin Florek is hit by Tim Schaller and loses puck.
Goals for this period are 1 for River Frogs vs 4 for Influenza.
Shots for this period are 19 for River Frogs vs 11 for Influenza.
3rd period
0:01 of 3rd period - Justin Florek wins face-off versus Bo Horvat in neutral zone.
1:09 of 3rd period - Snap shot by Neal Pionk.
1:09 of 3rd period - Stopped by Eric Comrie with a rebound.
1:11 of 3rd period - Snap shot by Neal Pionk.
1:11 of 3rd period - Shot Blocked by Andrew Gordon.
1:50 of 3rd period - Tim Schaller is hit by Justin Florek and loses puck.
2:39 of 3rd period - Penalty to Pavel Zacha is over, Pavel Zacha is back on ice.
2:50 of 3rd period - Slapshot by Aleksi Saarela.
2:50 of 3rd period - Deflect By Lucas Lessio.
2:50 of 3rd period - Stopped by Eric Comrie with a rebound.
4:07 of 3rd period - Ryan Fitzgerald is hit by Linden Vey and loses puck.
4:12 of 3rd period - Backhand shot by Tim Schaller.
4:12 of 3rd period - Stopped by Eric Comrie without a rebound.
4:13 of 3rd period - Bo Horvat wins face-off versus Beau Starrett in River Frogs zone.
4:14 of 3rd period - Snap shot by Linden Vey.
4:14 of 3rd period - Stopped by Eric Comrie with a rebound.
4:20 of 3rd period - Slapshot by Shea Theodore.
4:20 of 3rd period - Shot Blocked by Linden Vey.
4:37 of 3rd period - Dominik Simon is hit by Ryan Dzingel and loses puck.
4:42 of 3rd period - Snap shot by Ryan Dzingel.
4:42 of 3rd period - Stopped by Eric Comrie with a rebound.
5:49 of 3rd period - Wrist shot by Mitch Marner.
5:49 of 3rd period - Shot Misses the Net.
5:51 of 3rd period - Wrist shot by Mitch Marner.
5:51 of 3rd period - Shot Misses the Net.
6:07 of 3rd period - Slapshot by David Kolomatis.
6:07 of 3rd period - Deflect By Tim Schaller.
6:07 of 3rd period - Goal by David Kolomatis - River Frogs : 3 - Influenza : 5.
6:08 of 3rd period - Dominik Simon wins face-off versus Bo Horvat in neutral zone.
6:13 of 3rd period - Slapshot by Shea Theodore.
6:13 of 3rd period - Deflect By Dominik Simon.
6:13 of 3rd period - Shot Misses the Net.
6:13 of 3rd period - Puck is out of play.
6:14 of 3rd period - Mitch Marner wins face-off versus Bo Horvat in Influenza zone.
6:19 of 3rd period - Wrist shot by Dominik Simon.
6:19 of 3rd period - Stopped by Malcolm Subban without a rebound.
6:20 of 3rd period - Dominik Simon wins face-off versus Bo Horvat in Influenza zone.
6:23 of 3rd period - Wrist shot by Emerson Etem.
6:23 of 3rd period - Stopped by Malcolm Subban with a rebound.
6:25 of 3rd period - Snap shot by Dominik Simon.
6:25 of 3rd period - Stopped by Malcolm Subban with a rebound.
6:27 of 3rd period - Snap shot by Mitch Marner.
6:27 of 3rd period - Shot Blocked by Tim Erixon.
6:51 of 3rd period - Slapshot by Bo Horvat.
6:51 of 3rd period - Stopped by Eric Comrie without a rebound.
6:52 of 3rd period - Pavel Zacha wins face-off versus Jared Knight in River Frogs zone.
6:55 of 3rd period - Snap shot by JT Compher.
6:55 of 3rd period - Stopped by Eric Comrie without a rebound.
6:56 of 3rd period - Tim Schaller wins face-off versus Jared Knight in River Frogs zone.
7:04 of 3rd period - Minor Penalty to Aaron Ness for Hooking.
7:05 of 3rd period - Bo Horvat wins face-off versus Emerson Etem in River Frogs zone.
7:35 of 3rd period - Slapshot by Neal Pionk.
7:35 of 3rd period - Shot Misses the Net.
7:41 of 3rd period - Slapshot by Neal Pionk.
7:41 of 3rd period - Shot Blocked by Shea Theodore.
7:59 of 3rd period - Snap shot by Matt Calvert.
7:59 of 3rd period - Deflect By JT Compher.
7:59 of 3rd period - Shot Misses the Net.
7:59 of 3rd period - Puck is out of play.
8:00 of 3rd period - Emerson Etem wins face-off versus Colton Sissons in Influenza zone.
8:39 of 3rd period - Austin Watson is hit by Colton Sissons and loses puck.
9:04 of 3rd period - Penalty to Aaron Ness is over, Aaron Ness is back on ice.
9:14 of 3rd period - Austin Watson is hit by Tim Erixon and loses puck.
9:43 of 3rd period - Ryan Fitzgerald is hit by Tom Kuhnhackl and loses puck.
10:00 of 3rd period - Shea Theodore is hit by Justin Bailey and loses puck.
10:17 of 3rd period - Slapshot by Shea Theodore.
10:17 of 3rd period - Stopped by Malcolm Subban with a rebound.
10:23 of 3rd period - Shea Theodore is hit by Tim Erixon.
11:06 of 3rd period - Off-side.
11:07 of 3rd period - Dominik Simon wins face-off versus Pavel Zacha in neutral zone.
11:20 of 3rd period - Mitch Marner is hit by Neal Pionk and loses puck.
11:29 of 3rd period - JT Compher is hit by Dominik Simon and loses puck.
11:35 of 3rd period - Off-side.
11:36 of 3rd period - Bo Horvat wins face-off versus Jared Knight in neutral zone.
11:43 of 3rd period - Snap shot by Tim Schaller.
11:43 of 3rd period - Stopped by Eric Comrie with a rebound.
13:03 of 3rd period - Icing by David Kolomatis.
13:04 of 3rd period - Bo Horvat wins face-off versus Jared Knight in River Frogs zone.
13:05 of 3rd period - Slapshot by Tim Schaller.
13:05 of 3rd period - Stopped by Eric Comrie with a rebound.
13:13 of 3rd period - Wrist shot by Tim Schaller.
13:13 of 3rd period - Goal by Tim Schaller - River Frogs : 3 - Influenza : 6.
13:14 of 3rd period - Bo Horvat wins face-off versus Dominik Simon in neutral zone.
13:27 of 3rd period - Snap shot by Mitch Marner.
13:27 of 3rd period - Deflect By Dominik Simon.
13:27 of 3rd period - Stopped by Malcolm Subban without a rebound.
13:28 of 3rd period - Dominik Simon wins face-off versus Bo Horvat in Influenza zone.
14:06 of 3rd period - Wrist shot by JT Compher.
14:06 of 3rd period - Shot Blocked by Roman Josi.
14:37 of 3rd period - Off-side.
14:38 of 3rd period - Aleksi Saarela wins face-off versus Dominik Simon in neutral zone.
15:13 of 3rd period - Snap shot by Matt Calvert.
15:13 of 3rd period - Shot Blocked by Jeff Corbett.
15:25 of 3rd period - Slapshot by Brett Pesce.
15:25 of 3rd period - Shot Misses the Net.
16:05 of 3rd period - Dominik Simon is hit by Aleksi Saarela and loses puck.
16:54 of 3rd period - Snap shot by Shea Theodore.
16:54 of 3rd period - Shot Misses the Net.
16:56 of 3rd period - Snap shot by Ryan Fitzgerald.
16:56 of 3rd period - Deflect By Ondrej Kase.
16:56 of 3rd period - Shot Blocked by Tim Erixon.
16:56 of 3rd period - Puck is out of play.
16:57 of 3rd period - Dominik Simon wins face-off versus Bo Horvat in Influenza zone.
18:49 of 3rd period - JT Compher is hit by Aaron Ness and loses puck.
18:54 of 3rd period - Snap shot by Andrew Gordon.
18:54 of 3rd period - Deflect By Jared Knight.
18:54 of 3rd period - Shot Misses the Net.
18:54 of 3rd period - Puck is out of play.
18:55 of 3rd period - Dominik Simon wins face-off versus Bo Horvat in Influenza zone.
19:10 of 3rd period - Mitch Marner is hit by Linden Vey and loses puck.
19:22 of 3rd period - Minor Penalty to Pavel Zacha for Hooking.
19:23 of 3rd period - Bo Horvat wins face-off versus Justin Florek in Influenza zone.
19:58 of 3rd period - Snap shot by Dominik Simon.
19:58 of 3rd period - Shot Misses the Net.
Goals for this period are 1 for River Frogs vs 1 for Influenza.
Shots for this period are 6 for River Frogs vs 10 for Influenza.